[Event "FIDE WCCC G12 2018"]
[Site "Santiago de Compostela"]
[Date "2018.11.13"]
[Round "9"]
[White "Alimova, Dana"]
[Black "Mellor, Jessica"]
[Result "0-1"]
[ECO "C45"]
[WhiteElo "1628"]
[BlackElo "1555"]
[Annotator "NA RC"]
[PlyCount "100"]
[EventDate "2018.11.04"]
[EventType "swiss"]
[EventCountry "ESP"]
[SourceTitle "playchess.com"]
[Source "ChessBase"]
[SourceQuality "1"]
[TimeControl "40/5400+30:1800+30"]

1. e4 e5 2. Nf3 Nc6 3. d4 exd4 4. Nxd4 Qh4 5. Nb5 Bb4+ 6. Bd2 Qxe4+ 7. Qe2 Qxe2+ 8. Bxe2 Bxd2+ 9. Nxd2 Kd8 10. O-O-O a6 11. Nc3 d6 12. Nde4 Be6 13. f4 h6 14. Nc5 Kc8 15. Nxe6 fxe6 16. Bg4 Kd7 17. Rhe1 Re8 18. Ne4 b6 19. f5 exf5 20. Bxf5+ Kd8 21. Nxd6 Rxe1 22. Nb7+ Ke8 23. Rxe1+ Nge7 24. Bg6+ Kd7 25. Bd3 a5 26. Rd1 Kc8 27. Ba6 Kb8 28. b4 axb4 29. Rd7 Ka7 30. Rxc7 Kxa6 31. Nd6 Rf8 32. Ne4 Rf4 33. Nd2 Rf2 34. g3 Rxh2 35. Ne4 Re2 36. Nd6 Rg2 37. Ne4 Re2 38. Nd6 Re6 39. Nc4 Rg6 40. Ne5 Nxe5 41. Rxe7 Nf3 42. Re4 Ka5 43. g4 Ng5 44. Re5+ b5 45. Kb2 Re6 46. Rd5 Re4 47. Rd7 Rxg4 48. Rxg7 h5 49. Rg8 h4 50. Rg7 h3 0-1

[Event "FIDE WCCC G12 2018"]
[Site "Santiago de Compostela"]
[Date "2018.11.13"]
[Round "9"]
[White "Enkhsaran, Batsaikhan"]
[Black "Boramanikar Tanisha S"]
[Result "0-1"]
[ECO "B34"]
[WhiteElo "1614"]
[BlackElo "1716"]
[Annotator "NA RC"]
[PlyCount "94"]
[EventDate "2018.11.04"]
[EventType "swiss"]
[EventCountry "ESP"]
[SourceTitle "playchess.com"]
[Source "ChessBase"]
[SourceQuality "1"]
[TimeControl "40/5400+30:1800+30"]

1. e4 c5 2. Nf3 Nc6 3. d4 cxd4 4. Nxd4 Nf6 5. Nc3 e5 6. Ndb5 d6 7. a4 a6 8. Na3 Be6 9. Bg5 Be7 10. Nc4 Nd4 11. Bd3 Rc8 12. Ne3 Qb6 13. Rb1 Qa5 14. O-O Nc6 15. Bc4 Qc5 16. Be2 Nd4 17. Bxf6 Bxf6 18. Ncd5 Bxd5 19. exd5 Nxe2+ 20. Qxe2 O-O 21. b4 Qc7 22. c4 Bg5 23. Rfc1 f5 24. Rc2 Qe7 25. Nf1 Rc7 26. a5 Rfc8 27. Rb3 Qd7 28. Ra3 Bf6 29. Nd2 e4 30. Raa2 Bg5 31. Nb1 Re8 32. Nc3 Bf6 33. Na4 Bd4 34. Qd2 Be5 35. Nb6 Qe7 36. Na4 f4 37. Qe2 Bd4 38. Ra3 Qg5 39. Kh1 Qf6 40. c5 Qe5 41. cxd6 Qxd6 42. Raa2 Qxb4 43. h3 Rxc2 44. Qxc2 Qe1+ 45. Kh2 e3 46. fxe3 Bxe3 47. Qc4 Qg1# 0-1

[Event "FIDE WCCC G12 2018"]
[Site "Santiago de Compostela"]
[Date "2018.11.13"]
[Round "9"]
[White "Minaeva, Juliana"]
[Black "Butenandt, Svenja"]
[Result "0-1"]
[ECO "A45"]
[WhiteElo "1608"]
[BlackElo "1775"]
[Annotator "NA RC"]
[PlyCount "200"]
[EventDate "2018.11.04"]
[EventType "swiss"]
[EventCountry "ESP"]
[SourceTitle "playchess.com"]
[Source "ChessBase"]
[SourceQuality "1"]
[TimeControl "40/5400+30:1800+30"]

1. d4 Nf6 2. Bf4 e6 3. e3 Be7 4. Nf3 Nh5 5. Bg3 c5 6. c3 d6 7. Bd3 Nd7 8. Nbd2 O-O 9. O-O Nxg3 10. hxg3 Nf6 11. Qe2 b6 12. a4 cxd4 13. exd4 Bb7 14. Rfe1 Rc8 15. Ng5 Rc7 16. Bc4 d5 17. Bd3 h6 18. Ngf3 Nd7 19. Nf1 Bd6 20. Bb5 Nb8 21. N1d2 Nc6 22. Rad1 Re7 23. Ne5 Qc7 24. Ndf3 Ra8 25. Ba6 Bxa6 26. Qxa6 Na5 27. Qe2 Rc8 28. Nd2 Nc6 29. Qh5 Qd8 30. Ndf3 Qe8 31. g4 Bxe5 32. dxe5 f6 33. exf6 Qxh5 34. gxh5 gxf6 35. Nh4 Kf7 36. Ng6 Ree8 37. f4 Rcd8 38. Kf2 Na5 39. Re2 Nc4 40. b3 Nd6 41. Kf3 Ne4 42. Re3 Nc5 43. Rb1 Rc8 44. Ke2 Rc7 45. Nh4 Rec8 46. Ng6 Nb7 47. Kd2 Nd6 48. Kc2 Ne4 49. c4 Nd6 50. Rd1 Nf5 51. Rc3 d4 52. Rcd3 Ne3+ 53. Rxe3 dxe3 54. Re1 Rd7 55. Rxe3 Rcd8 56. Re2 Rd1 57. Rf2 Rh1 58. g4 Rg1 59. f5 e5 60. Re2 Rxg4 61. Kc3 Rg3+ 62. Kb4 a5+ 63. Kb5 Rxb3+ 64. Kc6 Rd4 65. Kb7 Rxc4 66. Rd2 Rd4 67. Rc2 Rd7+ 68. Ka6 Rb4 69. Rc8 Rxa4 70. Kxb6 Rg4 71. Rf8+ Kg7 72. Kc6 Rf7 73. Ra8 Rg5 74. Rxa5 Rxh5 75. Kd6 Rxf5 76. Ne7 Rf1 77. Ra8 Rf8 78. Ra3 Kf7 79. Ra7 Rd1+ 80. Nd5+ Kg6 81. Rd7 Rf7 82. Rd8 Ra7 83. Ke6 Ra6+ 84. Ke7 Ra7+ 85. Ke6 Rd4 86. Rg8+ Rg7 87. Ne7+ Kh7 88. Rf8 Ra4 89. Kxf6 Ra6+ 90. Kxe5 Rxe7+ 91. Kd5 Kg6 92. Rf1 h5 93. Rg1+ Kh6 94. Rh1 Ra2 95. Kd6 Re3 96. Rf1 Rd2+ 97. Kc5 Rc3+ 98. Kb4 Rc8 99. Kb3 Rd7 100. Rf6+ Kg5 0-1

[Event "FIDE WCCC G12 2018"]
[Site "Santiago de Compostela"]
[Date "2018.11.13"]
[Round "9"]
[White "Cai, Jinru"]
[Black "Wisniowski, Natalie"]
[Result "0-1"]
[ECO "A06"]
[WhiteElo "1578"]
[BlackElo "1504"]
[Annotator "NA RC"]
[PlyCount "102"]
[EventDate "2018.11.04"]
[EventType "swiss"]
[EventCountry "ESP"]
[SourceTitle "playchess.com"]
[Source "ChessBase"]
[SourceQuality "1"]
[TimeControl "40/5400+30:1800+30"]

1. Nf3 d5 2. g3 Nf6 3. Bg2 c6 4. d3 Bg4 5. h3 Bh5 6. Nbd2 Nbd7 7. O-O e5 8. e4 dxe4 9. dxe4 Bc5 10. Qe2 O-O 11. g4 Bg6 12. b3 Qc7 13. Bb2 Rad8 14. Nh4 b5 15. Nxg6 hxg6 16. c4 b4 17. Nf3 a5 18. Rfd1 Rfe8 19. Ng5 Nf8 20. Qf3 Bd4 21. Bxd4 Rxd4 22. Qg3 Qd7 23. Bf3 N8h7 24. Nxh7 Nxh7 25. Be2 Ng5 26. f3 Qa7 27. Kg2 Qc5 28. Qf2 Ne6 29. Kg3 Red8 30. Rxd4 exd4 31. Bd3 Qd6+ 32. f4 g5 33. e5 gxf4+ 34. Kg2 Qxe5 35. Re1 Qf6 36. Re4 f3+ 37. Kg3 Ng5 38. Rf4 Qxf4+ 39. Kxf4 Nxh3+ 40. Kxf3 Nxf2 41. Kxf2 c5 42. Kf3 Re8 43. Be4 g5 44. Bf5 Kg7 45. Kf2 Kf6 46. Kf3 Re3+ 47. Kf2 Ke5 48. Bb1 Kf4 49. Bf5 d3 50. Bh7 d2 51. Bc2 Re1 0-1

[Event "FIDE WCCC G12 2018"]
[Site "Santiago de Compostela"]
[Date "2018.11.13"]
[Round "9"]
[White "Baalla, Nura"]
[Black "Vicze, Kata"]
[Result "0-1"]
[ECO "B32"]
[WhiteElo "1565"]
[BlackElo "1828"]
[Annotator "NA"]
[PlyCount "70"]
[EventDate "2018.11.04"]
[EventType "swiss"]
[EventCountry "ESP"]
[SourceTitle "playchess.com"]
[Source "ChessBase"]
[SourceQuality "1"]
[TimeControl "40/5400+30:1800+30"]

1. e4 c5 2. Nf3 Nc6 3. d4 cxd4 4. Nxd4 e5 5. Nb5 d6 6. c4 Be7 7. f3 f5 8. exf5 Bxf5 9. Bg5 Nf6 10. Bd3 Bxd3 11. Qxd3 O-O 12. O-O a6 13. N5c3 Rc8 14. Nd2 Kh8 15. Rfd1 Nh5 16. Bxe7 Qxe7 17. Nde4 Nd4 18. Nd5 Qe6 19. Rac1 Nf4 20. Nxf4 Rxf4 21. b3 Qg6 22. Ng3 Qh6 23. Re1 b6 24. Qe3 Rcf8 25. Ne2 Nf5 26. Qd2 Rh4 27. Qxh6 Rxh6 28. Rcd1 Rg6 29. g3 Nh4 30. Kh1 Nxf3 31. Rf1 Rgf6 32. Nc3 Nd4 33. Rxf6 Rxf6 34. Nd5 Rf2 35. Nxb6 Nf3 0-1

[Event "FIDE WCCC G12 2018"]
[Site "Santiago de Compostela"]
[Date "2018.11.13"]
[Round "9"]
[White "Schiopu, Oana-Magdalena"]
[Black "Bravo Mallco, Kate Azumi"]
[Result "1-0"]
[ECO "B24"]
[WhiteElo "1526"]
[BlackElo "1698"]
[Annotator "NA RC"]
[PlyCount "93"]
[EventDate "2018.11.04"]
[EventType "swiss"]
[EventCountry "ESP"]
[SourceTitle "playchess.com"]
[Source "ChessBase"]
[SourceQuality "1"]
[TimeControl "40/5400+30:1800+30"]

1. e4 c5 2. Nc3 Nc6 3. Bb5 Nd4 4. Bc4 g6 5. Nge2 Bg7 6. Nxd4 cxd4 7. Qf3 Nh6 8. Ne2 O-O 9. O-O d6 10. Qg3 Ng4 11. d3 Ne5 12. Bb3 a5 13. a4 Nc6 14. f4 e6 15. f5 d5 16. exd5 exd5 17. fxg6 hxg6 18. Nf4 Ne7 19. Bd2 b6 20. Rae1 Bb7 21. Nh5 gxh5 22. Bg5 f6 23. Bh6 Rf7 24. Rxf6 Qf8 25. Rxf7 Qxf7 26. Qxg7+ Qxg7 27. Bxg7 Nf5 28. Bf6 Kf7 29. Bg5 Rg8 30. h4 Re8 31. Rxe8 Kxe8 32. Kf2 Kd7 33. Kf3 Kd6 34. g4 hxg4+ 35. Kxg4 Bc8 36. Bf4+ Kc5 37. Kg5 b5 38. axb5 Ne3 39. h5 Bf5 40. b6 Kxb6 41. Bxd5 Kc5 42. Be4 Be6 43. h6 Bg8 44. c3 Nd1 45. cxd4+ Kxd4 46. Kf6 Nxb2 47. Be5+ 1-0

[Event "FIDE WCCC G12 2018"]
[Site "Santiago de Compostela"]
[Date "2018.11.13"]
[Round "9"]
[White "Mahi Amit Doshi"]
[Black "Voriskova, Anna"]
[Result "1-0"]
[ECO "A46"]
[WhiteElo "1515"]
[BlackElo "1601"]
[Annotator "NA RC"]
[PlyCount "103"]
[EventDate "2018.11.04"]
[EventType "swiss"]
[EventCountry "ESP"]
[SourceTitle "playchess.com"]
[Source "ChessBase"]
[SourceQuality "1"]
[TimeControl "40/5400+30:1800+30"]

1. d4 Nf6 2. Nf3 e6 3. Bf4 b6 4. e3 Bb7 5. Bd3 Be7 6. h3 O-O 7. O-O d6 8. c4 Nbd7 9. Nc3 c5 10. Rc1 cxd4 11. exd4 d5 12. cxd5 Nxd5 13. Nxd5 Bxd5 14. Bc7 Qe8 15. Bb5 a6 16. Bxd7 Qxd7 17. Ne5 Qe8 18. Bxb6 Rb8 19. Ba7 Rxb2 20. a4 Qa8 21. Bc5 Bxc5 22. dxc5 Bxg2 23. Re1 Bxh3 24. c6 Rbb8 25. Nd7 Rbd8 26. Kh2 Bf5 27. c7 Rxd7 28. Qxd7 Qf3 29. Qc6 Qxf2+ 30. Qg2 Qh4+ 31. Kg1 Qd4+ 32. Qf2 Qg4+ 33. Qg2 Qd4+ 34. Kh1 Qh4+ 35. Qh2 Be4+ 36. Rxe4 Qxe4+ 37. Qg2 Qh4+ 38. Kg1 Qd4+ 39. Qf2 Qg4+ 40. Kf1 Qh3+ 41. Ke2 Qh5+ 42. Kd3 Qd5+ 43. Kc3 h6 44. Qd4 Qf3+ 45. Kb4 Qb7+ 46. Ka5 Qc8 47. Qd6 Qa8 48. Rc6 Rc8 49. Rb6 Rxc7 50. Qxc7 Qd5+ 51. Kxa6 e5 52. Qc8+ 1-0

[Event "FIDE WCCC G12 2018"]
[Site "Santiago de Compostela"]
[Date "2018.11.13"]
[Round "9"]
[White "Gulieva, Karina"]
[Black "Francisco Guecamburu, Candela Be"]
[Result "1/2-1/2"]
[ECO "A00"]
[WhiteElo "1475"]
[BlackElo "1725"]
[Annotator "NA RC"]
[PlyCount "78"]
[EventDate "2018.11.04"]
[EventType "swiss"]
[EventCountry "ESP"]
[SourceTitle "playchess.com"]
[Source "ChessBase"]
[SourceQuality "1"]
[TimeControl "40/5400+30:1800+30"]

1. Nh3 d5 2. c4 e6 3. e3 Nf6 4. d4 c6 5. Be2 Bd6 6. c5 Bc7 7. O-O O-O 8. Nc3 e5 9. Kh1 Qe7 10. b4 Re8 11. a4 h6 12. Ng1 Nbd7 13. b5 Nf8 14. Bb2 e4 15. a5 Bf5 16. b6 Bd8 17. Nh3 Qd7 18. Nf4 g5 19. Nh5 Nxh5 20. Bxh5 Bg6 21. h3 f5 22. Kh2 Qf7 23. Bxg6 Nxg6 24. Qe2 Rf8 25. f3 exf3 26. Rxf3 Qd7 27. Rf2 Kg7 28. Raf1 Be7 29. Qd3 axb6 30. axb6 f4 31. exf4 Nxf4 32. Qd2 Bf6 33. Ne2 Nxe2 34. Qxe2 Qe7 35. Qxe7+ Bxe7 36. Rxf8 Bxf8 37. Ra1 Rxa1 38. Bxa1 Kf6 39. g4 Ke6 1/2-1/2

[Event "FIDE WCCC G12 2018"]
[Site "Santiago de Compostela"]
[Date "2018.11.13"]
[Round "9"]
[White "Nasibova, Narmin"]
[Black "Menon, Gauri"]
[Result "1-0"]
[ECO "D37"]
[WhiteElo "1331"]
[BlackElo "1592"]
[Annotator "NA RC"]
[PlyCount "145"]
[EventDate "2018.11.04"]
[EventType "swiss"]
[EventCountry "ESP"]
[SourceTitle "playchess.com"]
[Source "ChessBase"]
[SourceQuality "1"]
[TimeControl "40/5400+30:1800+30"]

1. d4 d5 2. c4 e6 3. Nf3 Nf6 4. Nc3 Be7 5. Bf4 a6 6. e3 O-O 7. c5 b6 8. b4 a5 9. a3 Nh5 10. Bg3 c6 11. Bxb8 Rxb8 12. Ne5 Ra8 13. Nxc6 Qc7 14. Nxe7+ Qxe7 15. bxa5 bxc5 16. Qxh5 Rxa5 17. Bd3 g6 18. Qd1 cxd4 19. exd4 Rxa3 20. Rxa3 Qxa3 21. Ne2 Qa5+ 22. Qd2 Qa1+ 23. Qc1 Qa5+ 24. Qc3 Qb6 25. O-O Ba6 26. Rb1 Qd6 27. Bxa6 Qxa6 28. Ng3 Rc8 29. Qb3 Qa7 30. Qe3 Rc4 31. Rd1 Qa4 32. Qd3 Rc2 33. h3 Qa2 34. Qe3 Qb2 35. Qe1 Rc4 36. Qd2 Rc2 37. Qe3 Rc3 38. Qe5 Rc2 39. Qf4 Rc4 40. Qd2 Rc2 41. Qf4 Rc4 42. h4 Kg7 43. h5 f6 44. Qe3 Rc6 45. Qe2 Qxe2 46. Nxe2 g5 47. f3 h6 48. Kf2 f5 49. Rc1 Rxc1 50. Nxc1 Kf6 51. Nd3 f4 52. Ne5 Kg7 53. Ng4 Kh7 54. g3 Kg7 55. gxf4 gxf4 56. Kg2 Kh7 57. Kh3 Kg7 58. Ne5 Kf6 59. Kg4 Kg7 60. Kxf4 Kf6 61. Ng4+ Kg7 62. Ke5 Kh7 63. Kxe6 Kg7 64. Kxd5 Kh7 65. Ke6 Kg7 66. d5 Kh7 67. d6 Kg7 68. d7 Kh7 69. d8=Q Kg7 70. Qf6+ Kg8 71. Nxh6+ Kh7 72. Qg6+ Kh8 73. Qg8# 1-0

[Event "FIDE WCCC G12 2018"]
[Site "Santiago de Compostela"]
[Date "2018.11.14"]
[Round "10"]
[White "Kairbekova, Amina"]
[Black "Volovich, Julia"]
[Result "1-0"]
[ECO "C10"]
[WhiteElo "1939"]
[BlackElo "1735"]
[Annotator "NA RC"]
[PlyCount "93"]
[EventDate "2018.11.04"]
[EventType "swiss"]
[EventCountry "ESP"]
[SourceTitle "playchess.com"]
[Source "ChessBase"]
[SourceQuality "1"]
[TimeControl "40/5400+30:1800+30"]

1. e4 e6 2. d4 d5 3. Nc3 dxe4 4. Nxe4 Nd7 5. Nf3 Ngf6 6. Nxf6+ Nxf6 7. Be3 Nd5 {[%emt 0:08:07] C10: French with 3 Nc3: Unusual Black 3rd moves and 3...dxe4} 8. Bd2 c5 9. c4 (9. Bb5+ Bd7 10. Bxd7+ Qxd7 11. c4 Nb6 12. Rc1 Be7 13. dxc5 Bxc5 14. b4 Be7 15. c5 {½-½ (46) Nguyen,N (2618)-Lu,S (2629) Hamedan 2018}) 9... Nf6 10. dxc5 Bxc5 11. b4 Be7 12. Qc2 O-O $146 ({Predecessor:} 12... Qc7 13. Be2 O-O 14. O-O Bd7 15. Bd3 {½-½ (31) Bjerke,S (2235)-Vargas Reyes,A (2050) Istanbul 2012}) 13. Bd3 b6 (13... b5 $15) 14. Bc3 h6 15. Rd1 Qc7 16. O-O Bb7 17. Qe2 Ng4 18. Ne5 Nxe5 19. Bxe5 Qc6 20. Qg4 f6 21. Bc3 e5 22. b5 Qe8 (22... Qc7 $16 {is a better defense.}) 23. Bg6 Qc8 $2 (23... f5 {is tougher.}) 24. Bf5 $2 (24. Rd7 Rd8 25. Qe6+ Kh8 26. Rfd1 Rxd7 27. Rxd7 Qxd7 28. Qxd7) 24... Qe8 {[%emt 0:01:02] [#]} 25. Bd7 $2 ({Don't take} 25. Rd7 $6 Bc8 $14) (25. c5 $1 $18) 25... Qb8 $2 (25... Bc8 $11 {and Black stays safe.}) 26. Be6+ Kh8 27. Rd7 f5 28. Bxf5 ({Weaker is} 28. Qg6 Rf6 $16) (28. Qg3 $142 f4 29. Qg4) 28... Rxf5 29. Qxf5 Bc8 30. Rfd1 Bxd7 31. Rxd7 Bf6 {[%emt 0:00:57] [#]} 32. f4 $1 Qc8 33. fxe5 Qxc4 34. exf6 Kg8 35. Rxg7+ Kf8 36. f7 Qxc3 37. Rg8+ Ke7 38. f8=Q+ Rxf8 39. Qxf8+ Ke6 40. Rg6+ Kd5 41. Qd6+ Ke4 42. Rg4+ Kf5 43. Rf4+ Kg5 44. h4+ Kh5 45. g4+ (45. Qd5+ $142 Kg6 46. Qf7#) 45... Kxh4 46. Qxh6+ Kg3 47. Qh2# 1-0

[Event "FIDE WCCC G12 2018"]
[Site "Santiago de Compostela"]
[Date "2018.11.14"]
[Round "10"]
[White "Vicze, Kata"]
[Black "Enkhsaran, Batsaikhan"]
[Result "0-1"]
[ECO "C44"]
[WhiteElo "1828"]
[BlackElo "1614"]
[Annotator "NA RC"]
[PlyCount "86"]
[EventDate "2018.11.04"]
[EventType "swiss"]
[EventCountry "ESP"]
[SourceTitle "playchess.com"]
[Source "ChessBase"]
[SourceQuality "1"]
[TimeControl "40/5400+30:1800+30"]

1. e4 e5 2. Nf3 Nc6 3. d4 exd4 4. c3 d5 5. exd5 Qxd5 6. cxd4 Bg4 7. Be2 Bb4+ 8. Nc3 Bxf3 9. Bxf3 Qc4 10. Bxc6+ bxc6 11. Qe2+ Qxe2+ 12. Kxe2 Ne7 13. Rd1 O-O-O 14. Be3 Rhe8 {[%emt 0:01:03] C44: Ponziani Opening and Scotch Gambit} 15. Rd3 {[%emt 0:07:06] LiveBook: 6 Games} h6 (15... Nf5 16. Rad1 Ba5 17. g4 Nd6 18. Kf1 Bb6 19. b4 f5 20. h3 fxg4 21. hxg4 Nc4 22. Bc1 {0-1 (34) Campos Olaya,I (2333)-Barbero Sendic,A (2415) Tornabous 2014}) 16. Rad1 f5 17. Kf1 $146 ({Predecessor:} 17. f4 Ng8 18. Kf3 Nf6 19. a3 Bxc3 20. bxc3 Ne4 21. c4 Nd6 22. Rc1 {0-1 (32) Cliteur,O-Wieringa,H Haarlem 1995}) 17... g5 18. d5 ({Better is} 18. g3 $11) 18... f4 19. Bxa7 cxd5 20. a3 Bxc3 21. Rxc3 Kd7 (21... Kb7 $11 {remains equal.} 22. Bc5 Nf5) 22. Rdc1 ({White should try} 22. Rh3 $16) 22... c6 23. b4 Rc8 24. Bc5 Nf5 25. a4 Ng7 26. a5 Ne6 27. Bb6 g4 28. a6 Ng5 29. a7 Ne4 30. R3c2 Nd6 31. g3 f3 $1 32. Be3 Nb5 33. Ra1 Ra8 34. Ra6 (34. Bb6 $11 {remains equal.}) 34... Re6 35. Rca2 Kc7 36. R2a5 d4 37. Bf4+ $2 (37. Rxb5 $1 $11 {and White stays safe.} dxe3 38. fxe3) 37... Kb7 38. Bb8 $2 (38. Ra1 {war die entscheidende Verteidigung.}) 38... d3 39. Ra2 Re2 40. Ra1 d2 41. R6a2 {[%emt 0:03:46] [#]} d1=Q+ $1 42. Rxd1 Rxa2 43. Rd7+ Kb6 $19 0-1

[Event "FIDE WCCC G12 2018"]
[Site "Santiago de Compostela"]
[Date "2018.11.14"]
[Round "10"]
[White "Zvereva, Margarita"]
[Black "Tsirekidze, Barbare"]
[Result "1/2-1/2"]
[ECO "B42"]
[WhiteElo "1787"]
[BlackElo "1611"]
[Annotator "NA RC"]
[PlyCount "136"]
[EventDate "2018.11.04"]
[EventType "swiss"]
[EventCountry "ESP"]
[SourceTitle "playchess.com"]
[Source "ChessBase"]
[SourceQuality "1"]
[TimeControl "40/5400+30:1800+30"]

1. e4 c5 2. Nf3 e6 3. d4 cxd4 4. Nxd4 a6 5. Bd3 d6 6. O-O b5 7. c4 bxc4 8. Bxc4 Nf6 9. Bd3 Be7 10. Qa4+ Bd7 11. Qc2 O-O 12. Kh1 e5 13. Nb3 Nc6 14. Qe2 a5 15. a4 Nb4 16. Bc4 Be6 17. Na3 Bd7 18. Bb5 Bxb5 19. Nxb5 Qb8 20. Bd2 d5 21. Bxb4 Bxb4 22. exd5 Nxd5 23. Qe4 Nf6 24. Qf3 e4 25. Qe2 Re8 26. N3d4 Qb6 27. Rac1 Rac8 28. Rc4 Rxc4 29. Qxc4 h6 30. Nc6 Ng4 31. Nbd4 Bc5 32. b3 Bxd4 33. Nxd4 Ne5 34. Qb5 Qxb5 35. Nxb5 Nd3 36. g3 Nc5 37. Rb1 Rd8 38. Na7 Rd3 39. b4 axb4 40. Rxb4 Ra3 41. Rc4 Rxa4 42. Rxc5 Rxa7 43. Rc4 Re7 44. Kg2 f5 45. h4 Kf7 46. Kf1 Kf6 47. Ke2 g5 48. hxg5+ hxg5 49. Ke3 Rd7 50. g4 fxg4 51. Kxe4 Re7+ 52. Kd3 Kf5 53. Ra4 Rb7 54. Ke3 Rb3+ 55. Ke2 g3 56. fxg3 Rxg3 57. Kf2 Rb3 58. Kg2 g4 59. Ra8 Rb6 60. Rf8+ Rf6 61. Rxf6+ Kxf6 62. Kg3 Kg5 63. Kg2 Kf4 64. Kf2 g3+ 65. Kg2 Kg4 66. Kg1 Kf3 67. Kf1 g2+ 68. Kg1 Kg3 1/2-1/2

[Event "FIDE WCCC G12 2018"]
[Site "Santiago de Compostela"]
[Date "2018.11.14"]
[Round "10"]
[White "Nurmanova, Alua"]
[Black "Ke, Rianne"]
[Result "1-0"]
[ECO "B77"]
[WhiteElo "1780"]
[BlackElo "1600"]
[Annotator "NA RC"]
[PlyCount "105"]
[EventDate "2018.11.04"]
[EventType "swiss"]
[EventCountry "ESP"]
[SourceTitle "playchess.com"]
[Source "ChessBase"]
[SourceQuality "1"]
[TimeControl "40/5400+30:1800+30"]

1. e4 c5 2. Nf3 d6 3. d4 cxd4 4. Nxd4 Nf6 5. Nc3 g6 6. Be3 Bg7 7. f3 O-O 8. Qd2 Nc6 9. Bc4 Bd7 10. Bb3 Nxd4 11. Bxd4 b5 12. h4 a5 13. h5 e5 14. Be3 a4 15. Bd5 b4 16. Ne2 Nxd5 17. Qxd5 Be6 18. Qd2 Qc7 19. O-O Rfd8 20. h6 Bh8 21. g3 d5 22. exd5 Bxd5 23. Qxb4 Qxc2 24. Nc3 Rdb8 25. Qc5 Be6 26. Rf2 Qf5 27. Ne4 Bd7 28. Rd1 Qe6 29. Ng5 Qe8 30. Rfd2 Be6 31. Nxe6 Qxe6 32. Qc7 Bf6 33. Rd6 Qe7 34. Rd7 Qe8 35. R1d6 Bd8 36. Qc3 Rc8 37. Qd3 Be7 38. Rd5 f6 39. Kg2 Kf8 40. f4 Rd8 41. fxe5 Rxd7 42. Rxd7 fxe5 43. Bc5 Bxc5 44. Qf3+ Kg8 45. Rg7+ Kh8 46. Qf6 Qf8 47. Rf7+ Kg8 48. Rxf8+ Bxf8 49. Qe6+ Kh8 50. Qxe5+ Kg8 51. Qd5+ Kh8 52. Qxa8 Kg8 53. Qd5+ 1-0

[Event "FIDE WCCC G12 2018"]
[Site "Santiago de Compostela"]
[Date "2018.11.14"]
[Round "10"]
[White "Butenandt, Svenja"]
[Black "Schiopu, Oana-Magdalena"]
[Result "1-0"]
[ECO "A52"]
[WhiteElo "1775"]
[BlackElo "1526"]
[Annotator "NA RC"]
[PlyCount "71"]
[EventDate "2018.11.04"]
[EventType "swiss"]
[EventCountry "ESP"]
[SourceTitle "playchess.com"]
[Source "ChessBase"]
[SourceQuality "1"]
[TimeControl "40/5400+30:1800+30"]

1. d4 Nf6 2. c4 e5 3. dxe5 Ng4 4. e3 Nxe5 5. Nh3 Nbc6 6. Nf4 Bc5 7. Be2 O-O 8. O-O d6 9. a3 a5 10. Nc3 Ne7 11. b3 Re8 12. Bb2 N7g6 13. Nh5 Qh4 14. Nd5 Qd8 15. b4 Ba7 16. Qd2 c6 17. Ndf4 Qh4 18. Qxd6 Rd8 19. Nxg6 Nxg6 20. Qg3 Rd2 21. Qxh4 Nxh4 22. Rfd1 Rxd1+ 23. Rxd1 Bf5 24. Nxg7 Be4 25. Bf1 Nf5 26. Nh5 Bc2 27. Rd7 axb4 28. axb4 Bb6 29. Rxb7 Bd8 30. Rd7 h6 31. g3 Bg5 32. h4 Be7 33. g4 Bxh4 34. gxf5 Bxf5 35. Rb7 Kh7 36. Rxf7+ 1-0

[Event "FIDE WCCC G12 2018"]
[Site "Santiago de Compostela"]
[Date "2018.11.14"]
[Round "10"]
[White "Ivanova, Dilyana"]
[Black "Nasibova, Narmin"]
[Result "1-0"]
[ECO "B35"]
[WhiteElo "1775"]
[BlackElo "1331"]
[Annotator "NA RC"]
[PlyCount "111"]
[EventDate "2018.11.04"]
[EventType "swiss"]
[EventCountry "ESP"]
[SourceTitle "playchess.com"]
[Source "ChessBase"]
[SourceQuality "1"]
[TimeControl "40/5400+30:1800+30"]

1. e4 c5 2. Nf3 Nc6 3. d4 cxd4 4. Nxd4 g6 5. Nc3 Bg7 6. Be3 Nf6 7. Bc4 O-O 8. O-O Nxe4 9. Bxf7+ Rxf7 10. Nxe4 Nxd4 11. Bxd4 e5 12. Bc5 d5 13. Nd6 Be6 14. Nxf7 Bxf7 15. Qd2 b6 16. Be3 Rc8 17. c3 Rc4 18. Bh6 Bh8 19. Rae1 Qc8 20. Qg5 Rg4 21. Qe3 Rc4 22. h3 Qf5 23. a3 Re4 24. Qg3 Rc4 25. Re3 Rc8 26. Rfe1 Qh5 27. Bg5 h6 28. Be7 Rc6 29. f3 Qf5 30. Qg4 Qxg4 31. hxg4 g5 32. a4 Bg6 33. Kf2 Kf7 34. Ba3 Bc2 35. a5 b5 36. Bb4 Bb3 37. R3e2 Bc4 38. Rd2 Bb3 39. Ra1 Bc4 40. Ra3 d4 41. cxd4 exd4 42. b3 Bd5 43. Rd3 Rc2+ 44. Kf1 Rc1+ 45. Ke2 Rc2+ 46. Rd2 Rc1 47. Kd3 Be5 48. Re2 Bc4+ 49. bxc4 bxc4+ 50. Ke4 d3 51. Re1 Bf4 52. Rxc1 Bxc1 53. Ra2 Ke6 54. Bd2 Bxd2 55. Rxd2 c3 56. Rxd3 {[%emt 0:00:04] Kd5+} 1-0

[Event "FIDE WCCC G12 2018"]
[Site "Santiago de Compostela"]
[Date "2018.11.14"]
[Round "10"]
[White "Eswaran, Aksithi"]
[Black "Zhai, Pinran"]
[Result "1/2-1/2"]
[ECO "B72"]
[WhiteElo "1760"]
[BlackElo "1558"]
[Annotator "NA RC"]
[PlyCount "105"]
[EventDate "2018.11.04"]
[EventType "swiss"]
[EventCountry "ESP"]
[SourceTitle "playchess.com"]
[Source "ChessBase"]
[SourceQuality "1"]
[TimeControl "40/5400+30:1800+30"]

1. e4 c5 2. Nf3 d6 3. d4 cxd4 4. Nxd4 Nf6 5. Nc3 g6 6. Be2 Bg7 7. Be3 Nc6 8. Qd2 Ng4 9. Bxg4 Bxg4 10. f3 Bd7 11. O-O-O Ne5 12. Qe2 Rc8 13. Nb3 Nc6 14. Bd2 Na5 15. Kb1 Nc4 16. Qf2 Nxd2+ 17. Qxd2 Bxc3 18. bxc3 Qc7 19. Kb2 O-O 20. h4 a5 21. a3 a4 22. Nd4 Qb6+ 23. Ka2 Qc5 24. h5 Qe5 25. hxg6 fxg6 26. Rh6 Rf7 27. Rb1 b5 28. Qd3 Rc4 29. Rb4 Qg5 30. Rh1 Qxg2 31. Rhb1 Rc5 32. Ka1 h5 33. Nxb5 Rxf3 34. Qd4 Bxb5 35. Rxb5 Rxb5 36. Rxb5 Rf6 37. Qd5+ Kg7 38. Rb8 Qg1+ 39. Ka2 Rf7 40. e5 Qf2 41. exd6 exd6 42. Qe4 Qf4 43. Qd3 Qe5 44. Rb6 Rd7 45. Rb4 Rc7 46. Rxa4 Qxc3 47. Ra7 Qc5 48. Rxc7+ Qxc7 49. Qd4+ Kh7 50. Qe4 Kg7 51. Qd4+ Kh7 52. Qe4 Kg7 53. Qd4+ 1/2-1/2

[Event "FIDE WCCC G12 2018"]
[Site "Santiago de Compostela"]
[Date "2018.11.14"]
[Round "10"]
[White "Savitha Shri B"]
[Black "Dakic, Marta"]
[Result "1-0"]
[ECO "C41"]
[WhiteElo "1745"]
[BlackElo "1756"]
[Annotator "NA RC"]
[PlyCount "81"]
[EventDate "2018.11.04"]
[EventType "swiss"]
[EventCountry "ESP"]
[SourceTitle "playchess.com"]
[Source "ChessBase"]
[SourceQuality "1"]
[TimeControl "40/5400+30:1800+30"]

1. e4 e5 2. Nf3 d6 3. d4 exd4 4. Nxd4 Nf6 5. Nc3 Be7 6. Bc4 O-O 7. O-O Re8 8. f4 Bf8 9. Nf3 Be6 10. Bxe6 Rxe6 11. e5 Nfd7 12. Ng5 Rh6 13. Qd5 Qe8 14. Qxb7 Nb6 15. Nd5 Qd7 16. Nxb6 cxb6 17. Qxa8 Nc6 18. b4 dxe5 19. Nxf7 Qd4+ 20. Kh1 Rf6 21. Bb2 Qxb2 22. fxe5 Nxe5 23. Nxe5 Qxe5 24. Rad1 Qe2 25. Qd5+ Kh8 26. Rxf6 gxf6 27. Qf3 Qxf3 28. gxf3 Bxb4 29. Rd7 a5 30. a4 Bc5 31. Kg2 Kg8 32. c4 h6 33. Kg3 Be3 34. Kg4 Kf8 35. Kf5 Ke8 36. Rd3 Bc5 37. Kxf6 Bb4 38. f4 Bc5 39. f5 Bg1 40. Kg7 Bxh2 41. f6 1-0